 Dungeon Crawl Stone Soup version 0.26-a0-670-g578ab304f5 (webtiles) character file.

Game seed: 6082224791973238560

121 Kinoniko the Poker (level 5, 35/35 HPs)
             Began as a Halfling Fighter on Oct 19, 2020.
             Quit the game on level 3 of the Dungeon.
             The game lasted 00:02:44 (2710 turns).

Kinoniko the Poker (Halfling Fighter)               Turns: 2710, Time: 00:02:44

Health: 35/35      AC:  6    Str: 18    XL:     5   Next: 26%
Magic:  5/5        EV: 11    Int:  6    God:
Gold:   136        SH:  0    Dex: 14    Spells: 4/4 levels left

rFire    . . .     SeeInvis .   a - +0 spear
rCold    . . .     Faith    .   (shield restricted)
rNeg     . . .     Spirit   .   b - +0 scale mail
rPois    .         Reflect  .   (no helmet)
rElec    .         Harm     .   (no cloak)
rCorr    .         Rampage  .   (no gloves)
MR       .....                  (no boots)
Stlth    ..........             (no amulet)
HPRegen  0.11/turn              (no ring)
MPRegen  0.09/turn              (no ring)

@: no status effects
A: small, mutation resistance 1
a: no special abilities


You were on level 3 of the Dungeon.
You visited 1 branch of the dungeon, and saw 3 of its levels.

You collected 136 gold pieces.

Inventory:

Hand Weapons
 a - a +0 spear (weapon)
Armour
 b - a +0 scale mail (worn)
 c - a +0 kite shield
 o - a +0 helmet
Scrolls
 h - a scroll of immolation {unknown}
 j - 2 scrolls of enchant armour {unknown}
 k - a scroll of teleportation {unknown}
 l - 3 scrolls of identify {unknown}
 n - a scroll of magic mapping {unknown}
Potions
 d - a potion of might
 e - 2 potions of ambrosia {unknown}
 f - a potion of lignification {unknown}
 g - a potion of curing {unknown}
 i - a potion of haste {unknown}
 m - a potion of resistance {unknown}


   Skills:
 - Level 2.7 Fighting
 * Level 4.5 Polearms
 - Level 3.3 Armour
 - Level 3.3 Shields


You had 4 spell levels left.
You didn't know any spells.
Your spell library was empty.

Dungeon Overview and Level Annotations

Branches:
Dungeon (3/15)

Altars:
Vehumet


Innate Abilities, Weirdness & Mutations

You are small and have problems with some larger weapons.
You are somewhat resistant to further mutation.


Message History

A goblin comes into view. It is wielding a +0 flail.
The goblin shouts!
You hit the goblin but do no damage. The goblin closely misses you.
You hit the goblin.
The goblin is heavily wounded.
The goblin closely misses you.
You hit the goblin.
You kill the goblin!
No target in view!
No target in view!
Found a stone staircase leading up.
You now have 136 gold pieces (gained 14).
Things that are here:
a +0 flail; a +0 chain mail; a goblin corpse
Found a cloak.
Found a stone staircase leading down.
You see here a helmet.
o - a helmet Quiver which item? (- for none, * to show all) (? for menu, Esc to quit)
Okay, then.
Are you sure you want to abandon this character and quit the game? (Confirm with "yes".)

. > . #... #.. #.
##.. ... ... #.##
##.. #..# ...
.[.##... #... #.#
#..#.# #...##.#
##...# .. ....#.#
#..@## #... #.#.#.#
#....## ..# #.#.#.#
#.##..##..# #.<...#
###.###.#...#
##..... #...#
#...#.# ##...#
##.#####..#.# ##..#
#...###....# #..# .
###.##...#.## #..#
....##.##)###..####
#..#


There were no monsters in sight!

Vanquished Creatures
  An orc wizard (D:3)
  2 adders
  2 worms (D:2)
  2 dart slugs
  2 leopard geckos
  7 orcs
  2 giant cockroaches (D:1)
  8 hobgoblins
  2 quokkas (D:2)
  A ball python (D:2)
  7 bats
  2 frilled lizards (D:2)
  7 goblins
  4 kobolds
  5 rats
54 creatures vanquished.

Notes
Turn   | Place    | Note
-------+----------+-------------------------------------------
     0 | D:1      | Kinoniko the Halfling Fighter began the quest for the Orb.
     0 | D:1      | Reached XP level 1. HP: 15/15 MP: 1/1
   133 | D:1      | Reached skill level 2 in Polearms
   136 | D:1      | Reached XP level 2. HP: 15/20 MP: 2/2
   818 | D:2      | Reached XP level 3. HP: 3/25 MP: 3/3
  1106 | D:2      | Reached skill level 3 in Polearms
  1546 | D:2      | Found a radiant altar of Vehumet.
  1549 | D:2      | Reached XP level 4. HP: 30/30 MP: 4/4
  2422 | D:3      | Reached skill level 4 in Polearms
  2537 | D:3      | Reached XP level 5. HP: 28/35 MP: 5/5
  2710 | D:3      | Quit the game

Illustrated notes

Levels and vault maps discovered:
D:1:      wander_arrival_desolate, layout_rooms
D:2:      layout_loops_ring, lemuel_round_altar, guppyfry_early_orc_mine
D:3:      layout_rooms, serial_park_tiny_2

Skill      XL: |  1  2  3  4 |
---------------+-------------+-----
Polearms       | 2 3 4 |  4.5
Fighting       | |  2.7
Armour         | |  3.3
Shields        | |  3.3

Action                   |  1- 3 |  4- 6 || total
-------------------------+-------+-------++-------
Melee: Spear             |   144 |   100 ||   244
Armor: Scale mail        |    57 |    16 ||    73
Dodge: Dodged            |    84 |    37 ||   121
Block: Kite shield       |     7 |       ||     7

Table legend: (Time is in decaauts)
 A = Elapsed time spent in this place.
 B = Non-inter-level travel time spent in this place.
 C = Inter-level travel time spent in this place.
 D = Time resting spent in this place.
 E = Time spent auto-exploring this place.
 F = Levels seen in this place.
 G = Mean time per level.
                   A        B        C        D        E       F      G
               +--------+--------+--------+--------+--------+-----+--------+
         Total |   2695 |   2630 |     65 |   1029 |   1223 |   3 |  898.3 |
       Dungeon |   2695 |   2630 |     65 |   1029 |   1223 |   3 |  898.3 |
               +--------+--------+--------+--------+--------+-----+--------+

Top non-repeatable levels by time:
     D:2: 1609 daAuts
     D:1: 783 daAuts
     D:3: 302 daAuts
